 Dungeon Crawl Stone Soup version 0.22.1-1-ga44c0e5 (webtiles) character file.

42423 Stormphoenix the Basher (level 14, -1/95 HPs)
             Began as a Gargoyle Fighter on Nov 3, 2018.
             Was the Champion of Okawaru.
             Slain by a death yak (2 damage)
             ... on level 6 of the Lair of Beasts.
             The game lasted 00:37:21 (15348 turns).

Stormphoenix the Basher (Gargoyle Fighter)         Turns: 15348, Time: 00:37:22

Health: -1/95      AC: 35    Str: 24    XL:     14   Next: 19%
Magic:  14/14      EV:  8    Int: 10    God:    Okawaru [******]
Gold:   850        SH:  0    Dex: 12    Spells: 13/13 levels left

rFire    + . .     SeeInvis .   I - +4 dire flail of the Crawling Thing {drain, Stlth+}
rCold    . . .     Gourm    .   (shield currently unavailable)
rNeg     + . .     Faith    +   z - +4 chain mail {rF+}
rPois    ∞         Spirit   .   (helmet restricted)
rElec    +         Reflect  .   n - +0 cloak
rCorr    +         Harm     .   o - +1 pair of gloves {Dex+3}
MR       ++...                  h - +2 pair of boots
Stlth    ..........             m - amulet of faith
HPRegen  0.25/turn              p - ring of resist corrosion
MPRegen  0.14/turn              A - ring of protection from magic

@: no status effects
A: big wings, horns 1, talons 1, negative energy resistance 1, electricity
resistance, unbreathing, petrification resistance, rot immunity, subdued magic
1, AC +10
a: Fly, Heroism, Finesse, Renounce Religion


You were on level 6 of the Lair of Beasts.
You worshipped Okawaru.
Okawaru was exalted by your worship.
You were hungry.

You visited 3 branches of the dungeon, and saw 15 of its levels.
You also visited: Ossuary and Volcano.

You collected 850 gold pieces.

Inventory:

Hand Weapons
 D - a +2 flail of holy wrath
 I - the +4 dire flail of the Crawling Thing (weapon) {drain, Stlth+}
   (Okawaru gifted it to you on level 3 of the Lair of Beasts)

   A truly terrible weapon, it drains the life of those it strikes.
   It makes you more stealthy.
Armour
 a - a +1 buckler of reflection
 c - a +0 shield
 h - a +2 pair of boots (worn)
 n - a +0 cloak (worn)
 o - a +1 pair of gloves of dexterity (worn)
 z - a +4 chain mail of fire resistance (worn)
 B - a scarf of cloud immunity
Jewellery
 m - an amulet of faith (around neck)
 p - a ring of resist corrosion (left hand)
 A - a ring of protection from magic (right hand)
 J - an uncursed amulet of regeneration {unknown}
 N - a +3 ring of intelligence {unknown}
Wands
 d - a wand of flame (44)
 e - a wand of disintegration (21)
 q - a wand of acid (8)
 v - a wand of polymorph (11)
 M - a wand of digging (12)
Scrolls
 g - 2 scrolls of enchant armour
 i - 5 scrolls of teleportation
 j - 2 scrolls of fog
 k - 4 scrolls of enchant weapon
 l - 2 scrolls of magic mapping
 r - a scroll of fear
 s - 2 scrolls of remove curse
 y - 5 scrolls of amnesia
 E - a scroll of silence
 G - a scroll of summoning
Potions
 t - a potion of agility
 u - 2 potions of ambrosia
 w - a potion of cancellation
 C - a potion of berserk rage
 H - a potion of brilliance
Comestibles
 f - 40 rations


   Skills:
 + Level 13.6 Fighting
 - Level 14.0 Maces & Flails
 + Level 13.6 Armour
 - Level 10.3 Shields


You had 13 spell levels left.
You didn't know any spells.
Your spell library contained the following spells:

 Spells                   Type           Power        Failure   Level  Hunger
 Corona                   Hex            #......      83%         1    ##.....
 Freeze                   Ice            #...         83%         1    ##.....
 Ensorcelled Hibernation  Hex/Ice        #.....       93%         2    ###....
 Throw Frost              Conj/Ice       #.....       93%         2    ###....
 Confuse                  Hex            #.......     99%         3    ####...
 Dazzling Spray           Conj/Hex       #.....       99%         3    ####...
 Ozocubu's Armour         Chrm/Ice       #.......     99%         3    ####...
 Tukima's Dance           Hex            #.......     99%         3    ####...
 Summon Ice Beast         Ice/Summ       #.......     100%        4    #####..
 Throw Icicle             Conj/Ice       #.......     100%        4    #####..


Dungeon Overview and Level Annotations

Branches:
Dungeon (8/15)             Temple (1/1) D:6            Lair (6/6) D:8
  Swamp (0/4) Lair:3        Snake (0/4) Lair:2        Slime (0/5) Lair:5

Altars:
Ashenzari
Cheibriados
Dithmenos
Elyvilon
Fedhas
Gozag
Hepliaklqana
Kikubaaqudgha
Makhleb
Nemelex Xobeh
Okawaru
Ru
Sif Muna
Trog
Uskayaw
Vehumet
Wu Jian
Xom
Yredelemnul
Zin

Shops:
D:4 =[(

Annotations:
D:4 3 runed doors, SkarinSkye's ghost, amateur DECj


Innate Abilities, Weirdness & Mutations

You are resistant to torment.
Your stone body is resilient. (AC +10)
You are immune to poison.
Your large and strong wings let you fly indefinitely.
You resist negative energy. (rN+)
You are resistant to electric shocks. (rElec)
You can survive without breathing.
You are immune to petrification.
You are immune to rotting.
You have a pair of small horns on your head.
You have sharp toenails.
Your spells are a little easier to cast, but a little less powerful.


Message History

The death yak is severely wounded.
The death yak gores the plant!
The death yak gores you but does no damage.
The death yak gores you.
* * * LOW HITPOINT WARNING * * *
You hit the death yak but do no damage. You drain the death yak!
The death yak is severely wounded.
The manticore bites you but does no damage.
The manticore claws you but does no damage. x2
The death yak gores the plant!
You hit the death yak. You drain the death yak!
The death yak is severely wounded.
The death yak gores you but does no damage.
The death yak closely misses you.
The manticore bites you but does no damage.
The manticore claws you but does no damage. x2
You puncture the death yak!
The death yak is almost dead.
The death yak gores the plant!
The death yak gores you.
You die...

# P## ... .. .. .##.
###. .... ##.. ...#
##..# #..## #PY@##
### #..# ##HYP#
##.### #.###..Y##
##....####........#
#......##P...†###..#
##......#..P### #..#
#..##.....## ....
#...###.### ##.8.
###...####### ...


You could see 3 death yaks and a manticore.

Vanquished Creatures
  4 hydras
  Erica (D:8)
  2 catoblepae
  14 death yaks
  Nergalle (Lair:4)
  A wolf spider zombie (D:8)
  A manticore (Lair:6)
  Joseph (D:7)
  5 black mambas
  9 spiny frogs
  8 rime drakes
  2 komodo dragons
  3 meliai (Lair:4)
  A queen bee (Lair:4)
  A tyrant leech (Lair:3)
  6 blink frogs
  A hornet (D:8)
  4 dream sheep (Lair:4)
  Grinder (D:4)
  7 hippogriffs
  A spriggan (D:7)
  Sigmund (D:4)
  3 wyverns
  14 yaks
  5 fire bats (Volcano)
  A fire elemental (Lair:6)
  2 basilisks
  2 nagas (Lair:2)
  5 water moccasins
  2 hell hounds
  16 porcupines
  Duvessa (D:6)
  A sky beast (D:6)
  2 orc warriors
  8 ice beasts (Lair:4)
  2 black bears
  8 ogres
  32 wolves
  A centaur (D:5)
  14 crocodiles
  A big kobold (D:7)
  Blork the orc (D:6)
  16 bullfrogs
  Dowan (D:6)
  2 scorpions
  20 killer bees (Lair:4)
  2 electric eels (Lair:3)
  2 bullfrog zombies
  4 lava snakes (Volcano)
  2 crimson imps
  4 centaur zombies
  21 orc wizards
  A quasit (D:7)
  3 hounds
  A jelly (D:8)
  4 orc priests
  A human zombie (Ossuary)
  3 iguanas
  5 hell rats (Lair:4)
  6 worker ants
  A hound zombie (Ossuary)
  3 mummies (Ossuary)
  2 hound skeletons
  A howler monkey skeleton (D:8)
  4 adders
  2 shadow imps
  2 oozes
  An adder zombie (Ossuary)
  3 worms
  A dart slug (D:2)
  7 leopard geckos
  18 orcs
  A ball python (D:4)
  6 giant cockroaches
  7 hobgoblins
  17 jackals
  6 kobolds
  6 quokkas
  4 bats
  3 frilled lizards
  A gnoll zombie (Ossuary)
  7 goblins
  6 goblin zombies
  4 hobgoblin zombies (Ossuary)
  4 jackal zombies (Ossuary)
  6 kobold zombies (Ossuary)
  A leopard gecko zombie (D:7)
  2 orc zombies (Ossuary)
  4 quokka zombies
  8 rats
  A rat zombie (Ossuary)
  A fungus (Lair:5)
434 creatures vanquished.

Vanquished Creatures (others)
  An orc wizard (D:8)
  A plant (Lair:2)
2 creatures vanquished.

Grand Total: 436 creatures vanquished

Notes
Turn   | Place    | Note
-------+----------+-------------------------------------------
     0 | D:1      | Stormphoenix the Gargoyle Fighter began the quest for the
                  | Orb.
     0 | D:1      | Reached XP level 1. HP: 14/14 MP: 1/1
   419 | D:1      | Reached XP level 2. HP: 15/19 MP: 2/2
   613 | D:1      | Gained mutation: Your spells are a little easier to cast,
                  | but a little less powerful. [potion of mutation]
   613 | D:1      | Gained mutation: You have sharp toenails. [potion of
                  | mutation]
   613 | D:1      | Gained mutation: You have a pair of small horns on your
                  | head. [potion of mutation]
   640 | D:2      | Reached skill level 3 in Maces & Flails
   902 | D:2      | Reached XP level 3. HP: 21/23 MP: 3/3
   934 | D:2      | Found a deep blue altar of Sif Muna.
   934 | D:2      | Found an ornate altar of the Wu Jian Council.
  1664 | D:3      | Reached skill level 4 in Maces & Flails
  1710 | D:3      | Reached XP level 4. HP: 28/28 MP: 4/4
  2151 | D:3      | You fall through a shaft!
  2184 | D:4      | Found Lebarufa's Armour Shop.
  2190 | D:4      | Found Majiv's Weapon Emporium.
  2217 | D:4      | Noticed Sigmund
  2218 | D:4      | Reached skill level 5 in Maces & Flails
  2218 | D:4      | Reached XP level 5. HP: 11/32 MP: 5/5
  2228 | D:4      | Killed Sigmund
  2228 | D:4      | Reached skill level 6 in Maces & Flails
  2228 | D:4      | Reached XP level 6. HP: 17/37 MP: 6/6
  2732 | D:4      | Found a burning altar of Makhleb.
  2732 | D:4      | Found a hazy altar of Hepliaklqana.
  2787 | D:4      | Reached skill level 7 in Maces & Flails
  2787 | D:4      | Reached XP level 7. HP: 10/41 MP: 7/7
  2881 | D:4      | Found a runed gate.
  2881 | D:4      | Found a runed gate.
  2881 | D:4      | Found a runed gate.
  2882 | D:4      | Noticed SkarinSkye's ghost (amateur DECj)
  3092 | D:4      | Found Mussi's Jewellery Shoppe.
  3252 | D:4      | Noticed Grinder
  3262 | D:4      | Paralysed by Grinder for 6 turns
  3269 | D:4      | Killed Grinder
  3269 | D:4      | Reached skill level 8 in Maces & Flails
  3578 | D:5      | Entered Level 5 of the Dungeon
  3578 | D:5      | Found a basalt altar of Yredelemnul.
  4007 | D:5      | Reached skill level 9 in Maces & Flails
  4013 | D:5      | Reached XP level 8. HP: 46/46 MP: 8/8
  4353 | D:5      | Found a white marble altar of Elyvilon.
  4353 | D:5      | Found an opulent altar of Gozag.
  4393 | D:5      | Found an iron altar of Okawaru.
  4395 | D:5      | Found an ancient bone altar of Kikubaaqudgha.
  4397 | D:5      | Found a sacrificial altar of Ru.
  4401 | D:5      | Became a worshipper of Warmaster Okawaru
  4754 | D:6      | Reached skill level 10 in Maces & Flails
  4946 | D:6      | Reached * piety under Okawaru
  5082 | D:6      | Reached skill level 11 in Maces & Flails
  5146 | D:6      | Reached XP level 9. HP: 47/51 MP: 9/9
  5167 | D:6      | Noticed Blork the orc
  5174 | D:6      | Killed Blork the orc
  5184 | D:6      | Reached ** piety under Okawaru
  5237 | D:6      | Noticed Dowan
  5237 | D:6      | Noticed Duvessa
  5250 | D:6      | Killed Duvessa
  5259 | D:6      | Killed Dowan
  5268 | D:6      | Found a staircase to the Ecumenical Temple.
  5274 | Temple   | Entered the Ecumenical Temple
  5479 | D:6      | Reached skill level 12 in Maces & Flails
  5688 | D:7      | Reached *** piety under Okawaru
  5843 | D:7      | Found a white marble altar of Elyvilon.
  6313 | D:7      | Noticed Joseph
  6336 | D:7      | Killed Joseph
  6336 | D:7      | Reached skill level 13 in Maces & Flails
  6518 | D:7      | Reached XP level 10. HP: 39/56 MP: 10/10
  6649 | D:7      | Received a gift from Okawaru
  6812 | D:8      | Found a sand-covered staircase.
  6819 | Ossuary  | Entered an ossuary
  7197 | D:8      | Reached skill level 14 in Maces & Flails
  7248 | D:8      | Reached **** piety under Okawaru
  7410 | D:8      | Found a staircase to the Lair.
  7416 | D:8      | Found a sparkling altar of Nemelex Xobeh.
  7506 | D:8      | Noticed Erica
  7533 | D:8      | Killed Erica
  7533 | D:8      | Reached ***** piety under Okawaru
  7533 | D:8      | Reached skill level 5 in Fighting
  7533 | D:8      | Reached skill level 5 in Armour
  7533 | D:8      | Reached skill level 5 in Shields
  7940 | Lair:1   | Entered Level 1 of the Lair of Beasts
  7965 | Lair:1   | Received a gift from Okawaru
  7974 | Lair:1   | Reached XP level 11. HP: 46/64 MP: 11/11
  8616 | Lair:1   | Found a dark tunnel.
  8621 | Volcano  | Entered a volcano
  8915 | Volcano  | Found a bloodstained altar of Trog.
  8915 | Volcano  | Noticed a sun demon
  9538 | Lair:2   | Received a gift from Okawaru
  9664 | Lair:2   | Found a staircase to the Snake Pit.
 10142 | Lair:2   | Reached XP level 12. HP: 60/75 MP: 12/12
 10505 | Lair:2   | Noticed a five-headed hydra
 10526 | Lair:2   | Killed a five-headed hydra
 11236 | Lair:3   | Noticed a six-headed hydra
 11265 | Lair:2   | Killed a six-headed hydra
 11531 | Lair:3   | Received a gift from Okawaru
 11844 | Lair:3   | Found a staircase to the Swamp.
 11907 | Lair:3   | Reached skill level 10 in Fighting
 11907 | Lair:3   | Reached skill level 10 in Armour
 11909 | Lair:3   | Reached skill level 10 in Shields
 12283 | Lair:3   | Received a gift from Okawaru
 12286 | Lair:3   | Got a dazzling dire flail {god gift}
 12287 | Lair:3   | Identified the +4 dire flail of the Crawling Thing {drain,
                  | Stlth+} (Okawaru gifted it to you on level 3 of the Lair of
                  | Beasts)
 12374 | Lair:3   | Noticed a six-headed hydra
 12379 | Lair:3   | Killed a six-headed hydra
 12379 | Lair:3   | Reached ****** piety under Okawaru
 12714 | Lair:4   | Noticed Nergalle
 12722 | Lair:4   | Reached XP level 13. HP: 64/83 MP: 13/13
 12733 | Lair:4   | Killed Nergalle
 12957 | Lair:4   | Received a gift from Okawaru
 13720 | Lair:5   | Received a gift from Okawaru
 13721 | Lair:5   | Found the +2 pair of boots of the Assassin {Detection Stab+
                  | Stlth++}
 13833 | Lair:5   | HP: 4/87 [death yak (16)]
 13843 | Lair:5   | HP: 3/87 [crocodile (9)]
 14609 | Lair:5   | Found a staircase to the Slime Pits.
 14659 | Lair:6   | Entered Level 6 of the Lair of Beasts
 14809 | Lair:6   | Received a gift from Okawaru
 14960 | Lair:6   | Gained mutation: Your large and strong wings let you fly
                  | indefinitely. [Gargoyle growth]
 14960 | Lair:6   | Reached XP level 14. HP: 63/94 MP: 14/14
 15344 | Lair:6   | HP: 3/95 [manticore (4)]
 15345 | Lair:6   | HP: 1/95 [death yak (2)]
 15348 | Lair:6   | Slain by a death yak

Skill      XL: |  1  2  3  4  5  6  7  8  9 10 11 12 13 |
---------------+----------------------------------------+-----
Maces & Flails | 3 4 5 6 7 9 11 13 14 | 14.0
Armour         | 5 8 10 13 | 13.6
Fighting       | 5 8 10 13 | 13.6
Shields        | 5 8 10 | 10.3

Action                   |  1- 3 |  4- 6 |  7- 9 | 10-12 | 13-15 || total
-------------------------+-------+-------+-------+-------+-------++-------
Melee: Flail             |   136 |    70 |   444 |   988 |       ||  1638
       Kick              |    13 |       |       |       |       ||    13
       Headbutt          |    10 |    15 |    75 |   179 |    89 ||   368
       Dire flail        |       |       |       |    33 |   395 ||   428
Invok: Heroism           |       |       |       |     4 |     2 ||     6
  Use: Potion            |     3 |     4 |     3 |    13 |     5 ||    28
       Scroll            |     7 |       |     3 |    11 |     3 ||    24
 Stab: Invisible         |       |       |       |       |     2 ||     2
  Eat: Chunk             |     2 |     3 |    14 |    13 |     2 ||    34
       Ration            |       |       |       |     3 |     1 ||     4
Armor: Scale mail        |    74 |    29 |       |       |       ||   103
       Plate armour      |       |    13 |   308 |   372 |       ||   693
       Chain mail        |       |       |       |   413 |   291 ||   704
Dodge: Dodged            |    32 |    11 |    56 |   281 |   147 ||   527
Block: Shield            |    63 |    27 |   197 |   596 |       ||   883
